 Dungeon Crawl Stone Soup version 0.21.0-24-g2553a33 (webtiles) character file.

18 tidbits the Charmwright (level 2, 0/26 HPs)
             Began as a Gnoll Skald on Jan 20, 2018.
             Slain by an ice beast (3 damage)
             ... on level 2 of the Dungeon.
             The game lasted 00:02:33 (231 turns).

tidbits the Charmwright (Gnoll Skald)                Turns: 231, Time: 00:02:34

Health: 0/26       AC:  3    Str: 18    XL:     2   Next: 66%
Magic:  4/7        EV: 14    Int: 15    God:
Gold:   22         SH:  0    Dex: 14    Spells: 9/10 levels left

rFire    . . .     SeeInvis .   k - -1 whip (curse)
rCold    . . .     Gourm    .   (no shield)
rNeg     . . .     Faith    .   b - +0 leather armour
rPois    .         Spirit   .   (no helmet)
rElec    .         Reflect  .   (no cloak)
rCorr    .         Harm     .   (no gloves)
MR       .....                  (no boots)
Stlth    +.........             (no amulet)
HPRegen  0.08/turn              (no ring)
MPRegen  0.10/turn              (no ring)

@: mighty, infused
A: distributed training, fangs 1, strong nose
a: no special abilities


You were on level 2 of the Dungeon.
You were not hungry.

You visited 1 branch of the dungeon, and saw 2 of its levels.

You collected 22 gold pieces.

Inventory:

Hand Weapons
 a - a +1 hand axe
 g - a +0 short sword
 k - a cursed -1 whip (weapon)
Armour
 b - a +0 leather armour (worn)
Scrolls
 e - a scroll of magic mapping
 i - a scroll of remove curse
Potions
 f - a potion of heal wounds
 j - a potion of might
Books
 c - a book of Battle

   Spells                             Type                      Level
   a - Infusion                       Charms                       1
   b - Shroud of Golubria             Charms/Translocation         2
   c - Song of Slaying                Charms                       2
   d - Spectral Weapon                Hexes/Charms                 3
   e - Regeneration                   Charms/Necromancy            3
Comestibles
 d - a ration


   Skills:
 + Level 4.5 Fighting
 + Level 0.5 Short Blades
 + Level 0.5 Long Blades
 + Level 4.5 Axes
 + Level 0.5 Maces & Flails
 + Level 0.5 Polearms
 + Level 0.5 Staves
 + Level 0.5 Slings
 + Level 0.5 Bows
 + Level 0.5 Crossbows
 + Level 0.5 Throwing
 + Level 2.5 Armour
 + Level 4.5 Dodging
 + Level 0.5 Stealth
 + Level 0.5 Shields
 + Level 0.5 Unarmed Combat
 + Level 4.9 Spellcasting
 + Level 0.3 Conjurations
 + Level 0.3 Hexes
 + Level 5.3 Charms
 + Level 0.3 Summonings
 + Level 0.3 Necromancy
 + Level 0.3 Translocations
 + Level 0.3 Transmutations
 + Level 0.3 Fire Magic
 + Level 0.3 Ice Magic
 + Level 0.3 Air Magic
 + Level 0.3 Earth Magic
 + Level 0.3 Poison Magic
 + Level 0.6 Invocations
 + Level 0.5 Evocations


You had 9 spell levels left.
You knew the following spells:

 Your Spells              Type           Power        Failure   Level  Hunger
i - Infusion              Chrm           ###.         2%          1    None


Dungeon Overview and Level Annotations

Branches:
Dungeon (2/15)

Altars:


Innate Abilities, Weirdness & Mutations

Your experience applies equally to all skills.
You have very sharp teeth.
Your uncanny sense of smell can sniff out nearby items.


Message History

There is an open door here.
You see here 11 stones.
You open the door.
There is an open door here.
Found a viscous inky potion.
Found a stone staircase leading down.
You see here a viscous inky potion.
j - a viscous inky potion
There is a stone staircase leading down here.
You climb downwards.
Found 6 gold pieces.
There is a stone staircase leading up here.
Unknown command.
There are no items here.
You see here 6 gold pieces.
You now have 6 gold pieces.
Found a viscous inky potion.
You see here a viscous inky potion.
j - 2 viscous inky potions (gained 1)
A ball python comes into view.
A rat comes into view.
The ball python hisses angrily.
Found a runed whip.
Casting: Infusion
Confirm with . or Enter, or press ? or * to list all spells.
You begin infusing your attacks with magical energy.
The ball python bites you. The ball python barely misses you.
The ball python misses you. The ball python grabs you.
The ball python constricts you.
Found a ring mail.
You hit the ball python!
You kill the ball python!
You hit the rat!
You kill the rat!
Found a stone staircase leading down.
Found 16 gold pieces.
You see here a runed whip.
k - a runed whip Wield which item (- for none, * to show all)? (? for menu, Esc to quit)
It sticks to your hand!
k - a cursed -1 whip (weapon)
As you read the scroll labeled NAH FODIVEO, it crumbles to dust.
It is a scroll of identify.
j - 2 potions of might Your magical infusion is running out.
You see here 16 gold pieces.
You now have 22 gold pieces (gained 16).
You are no longer magically infusing your attacks.
Found a scroll of identify.
Found 23 stones.
Found 15 poisoned needles.
You see here a scroll of identify.
As you read the scroll of identify, it crumbles to dust.
f - a potion of heal wounds You see here 15 poisoned needles.
As you open the door, it creaks loudly!
A goblin comes into view. It is wielding a club.
The goblin shouts!
Casting: Infusion
Confirm with . or Enter, or press ? or * to list all spells.
You begin infusing your attacks with magical energy.
The goblin completely misses you.
Unknown command.
You hit the goblin.
You kill the goblin!
There is an open door here.
You see here a club.
Casting: Infusion
Confirm with . or Enter, or press ? or * to list all spells.
You don't know that spell.
You feel very mighty all of a sudden.
You whack the ice beast!
The ice beast is moderately wounded.
The ice beast closely misses you.
You barely miss the ice beast.
The ice beast is moderately wounded.
The ice beast hits you but does no damage.
You hit the ice beast.
The ice beast is heavily wounded.
The ice beast hits you. The ice beast freezes you!
Ouch! That really hurt!
* * * LOW HITPOINT WARNING * * *
You hit the ice beast.
The ice beast is heavily wounded.
The ice beast hits you.
* * * LOW HITPOINT WARNING * * *
The ice beast freezes you.
* * * LOW HITPOINT WARNING * * *
You hit the ice beast!
The ice beast is almost dead.
The ice beast closely misses you.
You closely miss the ice beast.
The ice beast is almost dead.
The ice beast closely misses you.
You hit the ice beast.
The ice beast is almost dead.
The ice beast barely misses you.
You hit the ice beast.
The ice beast is almost dead.
The ice beast hits you.
You die...

. .
#####.#
#.##..
.......
.#####..#.
.....!.
..........
...l...
#.......#
.....#.
#.......#
..#..#
#.......#
### h#
#.....Y.#
#@.# ##.#
#.##
#..####
##....#
#....#
#....#
#....#
#....# ∆


You could see an ice beast.

Vanquished Creatures
  An adder (D:2)
  A leopard gecko (D:1)
  A ball python (D:2)
  A goblin (D:2)
  2 kobolds (D:1)
  3 rats
9 creatures vanquished.

Notes
Turn   | Place    | Note
-------+----------+-------------------------------------------
     0 | D:1      | tidbits the Gnoll Skald began the quest for the Orb.
     0 | D:1      | Reached XP level 1. HP: 20/20 MP: 6/6
    38 | D:2      | Noticed an ice beast
    39 | D:2      | Reached XP level 2. HP: 26/26 MP: 3/7
   227 | D:2      | HP: 2/26 [ice beast (5)]
   231 | D:2      | Slain by an ice beast

Action                   || total
-------------------------++-------
Melee: Hand axe          ||    10
       Whip              ||     9
 Cast: Infusion          ||     4
  Use: Scroll            ||     5
       Potion            ||     1
 Stab: Sleeping          ||     1
Armor: Leather armour    ||     2
Dodge: Dodged            ||    18

Table legend:
 A = Turns spent in this place as a percentage of turns spent in the entire game.
 B = Non-inter-level travel turns spent in this place as a percentage of non-inter-level travel turns spent in the entire game.
 C = Inter-level travel turns spent in this place as a percentage of turns spent in this place.
 D = Turns resting spent in this place as a percentage of non-inter-level travel turns spent in this place.
 E = Turns spent auto-exploring this place as a percentage of non-inter-level travel turns spent in this place.
 F = Non-inter-level travel turns spent in this place divided by the number of levels of this place that you've seen.
                   A       B       C       D       E      F
               +-------+-------+-------+-------+-------+----------------------
         Total | 100.0 | 100.0 |   0.0 |   0.0 |   0.0 | 115.5
       Dungeon | 100.0 | 100.0 |   0.0 |   0.0 |   0.0 | 115.5
               +-------+-------+-------+-------+-------+----------------------

Table legend:
 A = Kills in this place as a percentage of kills in entire the game.
 B = Kills by you in this place as a percentage of kills by you in the entire game.
 C = Kills by friends in this place as a percentage of kills by friends in the entire game.
 D = Other kills in this place as a percentage of other kills in the entire game.
 E = Experience gained in this place as a percentage of experience gained in the entire game.
 F = Experience gained in this place divided by the number of levels of this place that you have seen.
                   A       B       C       D       E      F
               +-------+-------+-------+-------+-------+----------------------
         Total | 100.0 | 100.0 |   N/A |   N/A | 100.0 |  13.0
       Dungeon | 100.0 | 100.0 |   N/A |   N/A | 100.0 |  13.0
               +-------+-------+-------+-------+-------+----------------------

Vault maps used:
D:1:      lemuel_arrival_funnel
D:2:      first_ration
